 Dungeon Crawl Stone Soup version 0.30-a0-920-g7493c07aab (webtiles) character file.

Game seed: 3239052576233581060

435 kiwi3s the Trooper (level 6, -9/56 HPs)
             Began as a Minotaur Berserker on Mar 21, 2023.
             Was a Believer of Trog.
             Mangled by deadpool521's ghost (18 damage)
             ... on level 4 of the Dungeon.
             The game lasted 00:03:06 (3399 turns).

kiwi3s the Trooper (Minotaur Berserker)             Turns: 3399, Time: 00:03:06

Health: -9/56      AC:  2    Str: 24    XL:     6   Next: 68%
Magic:  5/5        EV: 12    Int:  4    God:    Trog [**....]
Gold:   164        SH:  0    Dex:  9    Spells: 5/5 levels left

rFire   . . .      SeeInvis .    r - +0 war axe
rCold   . . .      Faith    .    (no shield)
rNeg    . . .      Spirit   .    b - +0 animal skin
rPois   .          Reflect  .    (helmet restricted)
rElec   .          Rampage  .    (no cloak)
rCorr   .                        (no gloves)
Will    .....                    (no boots)
Stlth   +                        (no amulet)
HPRegen 0.29/turn                (no ring)
MPRegen 0.09/turn                (no ring)

@: lethally poisoned (-9 -> -17), on berserk cooldown, slowed, very slow
A: horns 2, retaliatory headbutt
a: Renounce Religion, Berserk, Trog's Hand


You were on level 4 of the Dungeon.
You worshipped Trog.
Trog was pleased with you.
You visited 1 branch of the dungeon, and saw 4 of its levels.

You collected 190 gold pieces.
You spent 26 gold pieces at shops.

Inventory:

Hand Weapons
 a - a +0 hand axe
 r - a +0 war axe (weapon)
Armour
 b - a +0 animal skin (worn)
 q - a +0 buckler
Jewellery
 n - a ring of flight
 t - an amulet of reflection
 u - a ring of ice
Scrolls
 c - 7 scrolls of identify
 g - 2 scrolls of teleportation {unknown}
 h - a scroll of poison {unknown}
 i - a scroll of summoning {unknown}
 k - a scroll of vulnerability {unknown}
 p - 2 scrolls of torment {unknown}
 s - a scroll of enchant armour {unknown}
 w - a scroll of amnesia {unknown}
Potions
 d - 3 potions of degeneration {unknown}
 e - a potion of attraction {unknown}
 f - a potion of might {unknown}
 j - 2 potions of curing
 l - a potion of lignification {unknown}
 m - a potion of brilliance {unknown}
 o - 2 potions of heal wounds {unknown}
 v - a potion of berserk rage {unknown}


   Skills:
 + Level 5.5 Fighting
 + Level 5.5 Axes
 + Level 4.7 Armour
 + Level 4.3 Dodging


You had 5 spell levels left.
You didn't know any spells.
Your spell library was empty.

Dungeon Overview and Level Annotations

Branches:
Dungeon (4/15)
 Temple: D:4-7

Altars:

Shops:
D:2 ?

Annotations:
D:4 deadpool521's ghost, amateur MiFi


Innate Abilities, Weirdness & Mutations

You have a pair of horns on your head.
You reflexively headbutt those who attack you in melee.


Message History

The kobold brigand hits you with a +1 rapier of venom.
You are poisoned.
The kobold barely misses you. Deadpool521's ghost hits you!
Things that are here:
a +0 dagger; a wand of charming (10)
You are too confused!
Unknown command.
You bump into the crystal wall.
You feel a strong urge to attack something.
You feel sick.
The kobold brigand hits you with a +1 rapier of venom.
You are more poisoned.
The kobold hits you but does no damage. Space warps horribly around you!
The kobold throws a stone.
The stone completely misses you.
The stone hits deadpool521's ghost but does no damage.
Deadpool521's ghost hits you!
You are too injured to fight recklessly!
Unknown command.
You are too injured to fight recklessly!
You are too injured to fight recklessly!
You feel very sick.
You are too injured to fight recklessly!
You bump into the crystal wall.
You feel your anger nearly subside.
You are no longer berserk.
You are exhausted.
You feel yourself slow down.
* * * LOW HITPOINT WARNING * * *
You feel very sick.
The kobold brigand completely misses you.
Deadpool521's ghost barely misses you.
You closely miss the kobold. Your headbutt misses the kobold.
You closely miss the kobold brigand. You slash the kobold!
You kill the kobold!
Trog accepts your kill.
You closely miss deadpool521's ghost.
You feel less confused.
* * * LOW HITPOINT WARNING * * *
You feel very sick. The kobold brigand barely misses you.
Deadpool521's ghost hits you!!
You die...

#.# #.......# #.# #.# #.#
#.......# #.# #.# #.# #.......#
#.# #.###
########.#####.####.###.# #....
#.............#####.....########
#.######.##..##.⌠.##............
#.# #.##..#.#.#.############# #.#
#.##..'K.#...#.......# #.#
#.##..KK@...)#.....#.# #.#
####.##.)))W#..[#.....#.# #.#
#....##..#K#.#.##.....#.# #.#
#....##..##)⌠.##......#.## #
##.###....##...#####.......'..# #
.....'....##.#.# #........#..# #
.#.###....##.#.####........#..# #
.#...'......##.............#..###
.#####......'.......########..#..


You could see a kobold brigand, deadpool521's ghost and 3 kobolds.

Vanquished Creatures
  An ice beast (D:4)
  2 ogres (D:4)
  A scorpion (D:4)
  A hound (D:4)
  2 adders
  2 worms
  3 dart slugs (D:1)
  6 bats
  6 endoplasms
  3 giant cockroaches
  5 goblins
  3 hobgoblins
  4 jackals (D:4)
  12 kobolds
  3 quokkas
  10 ball pythons
  2 frilled lizards
  A kobold zombie (D:4)
  3 rats
70 creatures vanquished.

Vanquished Creatures (others)
  11 plants (D:2)
11 creatures vanquished.

Grand Total: 81 creatures vanquished

Notes
Turn   | Place    | Note
-------+----------+-------------------------------------------
     0 | D:1      | kiwi3s the Minotaur Berserker began the quest for the Orb.
     0 | D:1      | Reached XP level 1. HP: 19/19 MP: 0/0
    89 | D:1      | Reached XP level 2. HP: 27/27 MP: 1/1
   363 | D:1      | Reached ** piety under Trog
   432 | D:1      | Reached XP level 3. HP: 33/33 MP: 2/2
   618 | D:2      | Found Xaijite's Magic Scroll Shop.
   625 | D:2      | Bought a scroll of identify for 26 gold pieces
  2178 | D:4      | Reached XP level 4. HP: 41/41 MP: 3/3
  2300 | D:4      | Found a runed translucent gate.
  2301 | D:4      | Found a runed translucent gate.
  2302 | D:4      | Found a runed translucent gate.
  2304 | D:4      | Noticed a kobold brigand
  2304 | D:4      | Noticed deadpool521's ghost (amateur MiFi)
  2809 | D:4      | Noticed an ogre
  2813 | D:4      | Killed an ogre
  2814 | D:4      | Reached XP level 5. HP: 34/47 MP: 4/4
  2922 | D:4      | Noticed an ogre
  2928 | D:4      | Killed an ogre
  2929 | D:4      | Reached skill level 5 in Fighting
  2929 | D:4      | Reached skill level 5 in Axes
  2929 | D:4      | Reached XP level 6. HP: 52/56 MP: 5/5
  3097 | D:4      | Noticed an ice beast
  3102 | D:4      | Killed an ice beast
  3399 | D:4      | Mangled by deadpool521's ghost

Illustrated notes

Levels and vault maps discovered:
D:1:      onia_arrival_mini_spirals, layout_rooms
D:2:      wad_lake_hut, layout_basic, serial_shops, nicolae_shop_hallway_plus
D:3:      layout_loops_cross, serial_bayou_lake_a
D:4:      layout_basic, enter_ossuary_3, gammafunk_ghost_nasty_kobolds,
          minmay_misc_feat_x

Skill      XL: |  1  2  3  4  5  6 |
---------------+-------------------+-----
Axes           | 4 5 |  5.5
Fighting       | 4 5 |  5.5
Armour         | 3 4 |  4.7
Dodging        | 3 4 |  4.3

Action                     |  1- 3 |  4- 6 || total
---------------------------+-------+-------++-------
  Melee: Hand axe          |    97 |       ||    97
         Headbutt          |    13 |     6 ||    19
         Punch             |     1 |       ||     1
         War axe           |     2 |    62 ||    64
 Invoke: Berserk           |       |     2 ||     2
    Use: Potion            |       |     2 ||     2
 Armour: Animal skin       |    20 |     6 ||    26
  Dodge: Dodged            |    62 |    66 ||   128

Table legend: (Time is in decaauts)
 A = Elapsed time spent in this place.
 B = Non-inter-level travel time spent in this place.
 C = Inter-level travel time spent in this place.
 D = Time resting spent in this place.
 E = Time spent auto-exploring this place.
 F = Levels seen in this place.
 G = Mean time per level.
                   A        B        C        D        E       F      G
               +--------+--------+--------+--------+--------+-----+--------+
         Total |   3526 |   3305 |    221 |      7 |   2818 |   4 |  881.5 |
       Dungeon |   3526 |   3305 |    221 |      7 |   2818 |   4 |  881.5 |
               +--------+--------+--------+--------+--------+-----+--------+

Top non-repeatable levels by time:
     D:4: 1260 daAuts
     D:2: 947 daAuts
     D:3: 765 daAuts
     D:1: 553 daAuts
